 Dungeon Crawl Stone Soup version 0.25.1-8-g42b30a86e7 (webtiles) character file.

Game seed: 5942042797181462708

25 KamiKatze the Skirmisher (level 3, 0/31 HPs)
             Began as a Ghoul Fighter on Dec 14, 2020.
             Slain by a jackal (1 damage)
             ... on level 1 of the Dungeon.
             The game lasted 00:05:16 (805 turns).

KamiKatze the Skirmisher (Ghoul Fighter)             Turns: 805, Time: 00:05:16

Health: 0/31       AC:  6    Str: 20    XL:     3   Next: 4%
Magic:  2/2        EV:  7    Int:  3    God:
Gold:   56         SH:  8    Dex:  8    Spells: 2/2 levels left

rFire    . . .     SeeInvis .     - Unarmed
rCold    + . .     Gourm    .   b - +0 kite shield
rNeg     + + +     Faith    .   a - +0 scale mail
rPois    ∞         Spirit   .   (no helmet)
rElec    .         Reflect  .   (no cloak)
rCorr    .         Harm     .   (no gloves)
MR       .....                  (no boots)
Stlth    ..........             (no amulet)
HPRegen  0.00/turn              (no ring)
MPRegen  0.08/turn              (no ring)

@: rotting, hasted, very quick
A: rotting body, claws 1, carnivore, cold resistance 1, negative energy
resistance 3, inhibited regeneration, torment resistance, unbreathing
a: no special abilities


You were on level 1 of the Dungeon.
You were not hungry.

You visited 1 branch of the dungeon, and saw 2 of its levels.

You collected 56 gold pieces.

Inventory:

Missiles
 e - 32 stones (quivered)
Armour
 a - a +0 scale mail (worn)
 b - a +0 kite shield (worn)
 l - a +0 pair of gloves
Scrolls
 g - a scroll of noise {unknown}
 i - a scroll of identify {unknown}
 j - 3 scrolls of remove curse {unknown}
 k - a scroll of fear {unknown}
 n - a scroll of teleportation {unknown}
Potions
 c - a potion of might
Comestibles
 d - 2 rations


   Skills:
 + Level 3.5 Fighting
 - Level 2.6 Armour
 * Level 3.1 Shields
 * Level 2.9 Unarmed Combat


You had 2 spell levels left.
You didn't know any spells.
Your spell library was empty.

Dungeon Overview and Level Annotations

Branches:
Dungeon (2/15)

Altars:


Innate Abilities, Weirdness & Mutations

Your body is rotting away.
You thrive on raw meat.
You are immune to poison.
You have sharp fingernails.
You are carnivorous and can eat meat at any time.
Your flesh is cold resistant. (rC+)
You are immune to negative energy. (rN+++)
You do not regenerate when monsters are visible.
You are immune to unholy pain and torment.
You can survive without breathing.


Message History

You block the jackal's attack. You block the orc's attack. The adder bites you.
* * * LOW HITPOINT WARNING * * *
Unknown command.
Your shield and scale mail prevent you from hitting the jackal.
The jackal is almost dead.
The jackal bites you but does no damage.
The jackal barely misses you. x2; The adder bites you.
* * * LOW HITPOINT WARNING * * *
The orc hits you but does no damage. You block the jackal's attack. x2
The jackal bites you but does no damage.
You scratch the jackal but do no damage.
The jackal is almost dead.
You block the adder's attack.
The jackal bites you but does no damage.
The orc hits you but does no damage. You block the jackal's attack.
The jackal bites you.
* * * LOW HITPOINT WARNING * * *
The adder bites you but does no damage.
It was a potion of haste.
You feel yourself speed up. The jackal bites you.
You die...

........# #.###.##.#
##.#....####.##(....#
###[......##.#...####
≈≈##.........[..##
≈≈≈##.###.......#################
.P≈≈######........)).............
..≈≈≈# #........###......########
.8.P≈# #....[..h##........##
..≈≈≈# #.......S@h.........#
.P≈≈####.......h#o.........#
≈≈≈##.##........#..........#
≈≈##..##.....##.#..........#
###...#......##............#
###..........####.........## ##
.......).....# #.........## ##.
###....####### #..........# ##..
#...## #..........# #...


You could see an adder, an orc and 3 jackals.

Vanquished Creatures
  A leopard gecko (D:1)
  2 bats (D:1)
  3 giant cockroaches (D:1)
  3 goblins (D:1)
  2 hobgoblins (D:1)
  2 frilled lizards (D:1)
  6 kobolds (D:1)
  2 rats (D:1)
21 creatures vanquished.

Notes
Turn   | Place    | Note
-------+----------+-------------------------------------------
     0 | D:1      | KamiKatze the Ghoul Fighter began the quest for the Orb.
     0 | D:1      | Reached XP level 1. HP: 19/19 MP: 0/0
   138 | D:1      | Reached XP level 2. HP: 26/26 MP: 1/1
   559 | D:1      | Reached XP level 3. HP: 30/31 MP: 2/2
   804 | D:1      | HP: 1/31 [jackal (2)]
   805 | D:1      | Slain by a jackal

Illustrated notes

Levels and vault maps discovered:
D:1:      lightli_arrival_statuegarden, layout_rooms, serial_rivers,
          chequers_serial_rivers_marsh, chequers_serial_rivers_micro_e,
          chequers_serial_rivers_small_a, chequers_serial_rivers_large_b,
          chequers_serial_rivers_micro_a, minmay_misc_feat_tower
D:2:      layout_rooms, first_ration, uniq_sigmund

Skill      XL: |  1  2 |
---------------+-------+-----
Shields        | 3 |  3.1
Fighting       | |  3.5
Armour         | |  2.6
Unarmed Combat | |  2.9

Action                   || total
-------------------------++-------
Melee: Unarmed           ||    92
  Use: Potion            ||     1
  Eat: Chunk             ||    10
Armor: Scale mail        ||    51
Dodge: Dodged            ||    39
Block: Kite shield       ||    63
